TOP OF THE 1ST |
Thunder Bay Northern Lions BC batting - Pitching for Brooklyn Dodgers : RHP Hirokichi Kichida
|
Pitching: RHP Hirokichi Kichida
|
|
Batting: RHB Keith Fish
|
0-0: Ball 1-0: Swinging Strike 1-1: Fly out, F9 (Flyball, 9M)
|
Batting: LHB Pancho García
|
0-0: Fly out, F8 (Flyball, 8LD)
|
Batting: SHB Carlos Rodríguez
|
0-0: Foul Ball, location: 2F 0-1: Ball 1-1: Ball 2-1: Fly out, F7 (Flyball, 78M)
|
Top of the 1st over - 0 run(s), 0 hit(s), 0 error(s), 0 left on base; Thunder Bay 0 - Brooklyn 0 |
BOTTOM OF THE 1ST |
Brooklyn Dodgers batting - Pitching for Thunder Bay Northern Lions BC : RHP Tyler MacHugh
|
Pitching: RHP Tyler MacHugh
|
|
Batting: RHB Juan Martínez
|
0-0: Fly out, F8 (Flyball, 8RM)
|
Batting: RHB Vincent Crane
|
0-0: Swinging Strike 0-1: Swinging Strike 0-2: Ball 1-2: Strikes out swinging
|
Batting: RHB Oliver Aranda
|
0-0: Foul Ball, location: 2F 0-1: Fly out, F5 (Popup, 5SF)
|
Bottom of the 1st over - 0 run(s), 0 hit(s), 0 error(s), 0 left on base; Thunder Bay 0 - Brooklyn 0 |
TOP OF THE 2ND |
Thunder Bay Northern Lions BC batting - Pitching for Brooklyn Dodgers : RHP Hirokichi Kichida
|
Batting: RHB Robert O'Connor
|
0-0: SOLO HOME RUN (Line Drive, 8LXD), Distance : 445 ft
|
Batting: LHB John Brewer
|
0-0: Ball 1-0: Swinging Strike 1-1: Ball 2-1: Ball 3-1: Called Strike 3-2: Foul Ball, location: 2F 3-2: Foul Ball, location: 2F 3-2: Fly out, F3 (Popup, 23F)
|
Batting: RHB Jonathan Cook
|
0-0: Swinging Strike 0-1: Swinging Strike 0-2: SINGLE (Flyball, 78S)
|
Batting: LHB Curtis Peters
|
0-0: Fly out, F8 (Flyball, 8LM)
|
Batting: RHB Ed Whitaker
|
0-0: Ball 1-0: Ball 2-0: Called Strike 2-1: Foul Ball, location: 2F 2-2: Ball 3-2: Ground out 4-3 (Groundball, 4M)
|
Top of the 2nd over - 1 run(s), 2 hit(s), 0 error(s), 1 left on base; Thunder Bay 1 - Brooklyn 0 |
BOTTOM OF THE 2ND |
Brooklyn Dodgers batting - Pitching for Thunder Bay Northern Lions BC : RHP Tyler MacHugh
|
Batting: LHB Ron Bascombe
|
0-0: Ball 1-0: Ball 2-0: Ball 3-0: Called Strike 3-1: Base on Balls
|
Batting: RHB Thom Wilcox
|
0-0: Foul Ball, location: 2F 0-1: Ball 1-1: Ball 2-1: Swinging Strike 2-2: Hit by Pitch Ron Bascombe to second
|
Batting: RHB Miguel Vidro
|
0-0: Foul Ball, location: 2F 0-1: SINGLE (Line Drive, 89M) Ron Bascombe to third Thom Wilcox to second Runner from 3rd tries for Home, SAFE, no throw or cutoff
|
Batting: RHB Gustavo Mateo
|
0-0: Ball 1-0: Called Strike 1-1: Ball Wild Pitch! Thom Wilcox to third Miguel Vidro to second 2-1: Ball 3-1: Base on Balls
|
Batting: RHB Pedro Torrez
|
0-0: Called Strike 0-1: Fly out, F7 (Flyball, 7M)
|
Batting: RHB José Herrera
|
0-0: Ball 1-0: Swinging Strike 1-1: Swinging Strike 1-2: Strikes out looking
|
Batting: RHB Juan Martínez
|
0-0: Swinging Strike 0-1: Ball 1-1: Ball 2-1: Ball 3-1: SINGLE (Groundball, 56D) Thom Wilcox scores Miguel Vidro to third Gustavo Mateo to second Runner from 3rd tries for Home, SAFE, no throw or cutoff
|
Batting: RHB Vincent Crane
|
0-0: Ground out 4-3 (Groundball, 4)
|
Bottom of the 2nd over - 3 run(s), 2 hit(s), 0 error(s), 2 left on base; Thunder Bay 1 - Brooklyn 3 |
TOP OF THE 3RD |
Thunder Bay Northern Lions BC batting - Pitching for Brooklyn Dodgers : RHP Hirokichi Kichida
|
Batting: SHB Arturo Robles
|
0-0: Called Strike 0-1: Foul Ball, location: 2F 0-2: Fly out, F7 (Flyball, 7LM)
|
Batting: RHB Keith Fish
|
0-0: Called Strike 0-1: Swinging Strike 0-2: Strikes out looking
|
Batting: LHB Pancho García
|
0-0: Called Strike 0-1: Ball 1-1: Ball 2-1: Foul Ball, location: 2F 2-2: Ball 3-2: Strikes out looking
|
Top of the 3rd over - 0 run(s), 0 hit(s), 0 error(s), 0 left on base; Thunder Bay 1 - Brooklyn 3 |
BOTTOM OF THE 3RD |
Brooklyn Dodgers batting - Pitching for Thunder Bay Northern Lions BC : RHP Tyler MacHugh
|
Batting: RHB Oliver Aranda
|
0-0: Ball 1-0: Called Strike 1-1: Foul Ball, location: 2F 1-2: Foul Ball, location: 2F 1-2: Reached on Error, E4 (Line Drive, 4)
|
Batting: LHB Ron Bascombe
|
0-0: DOUBLE (Line Drive, 7LS) Oliver Aranda to third
|
Batting: RHB Thom Wilcox
|
0-0: Intentional Walk
|
Batting: RHB Miguel Vidro
|
0-0: Ground out 4-3 (Groundball, 4M) Oliver Aranda scores Ron Bascombe to third Thom Wilcox to second
|
Batting: RHB Gustavo Mateo
|
0-0: Ball 1-0: Called Strike 1-1: Ball 2-1: Ball 3-1: Fly out, F7 (Flyball, 7M) Runner from 3rd tags up, SCORES, throw made
|
Batting: RHB Pedro Torrez
|
0-0: Intentional Walk
|
Batting: RHB José Herrera
|
0-0: Called Strike 0-1: Foul Ball, location: 2F 0-2: Ball 1-2: Ball 2-2: Reached on error, E2 (Groundball, 23) Thom Wilcox scores Pedro Torrez to third
|
Batting: RHB Juan Martínez
|
0-0: Swinging Strike 0-1: Foul Ball, location: 2F 0-2: Foul Ball, location: 2F 0-2: Foul Ball, location: 2F 0-2: Ball 1-2: Ball 2-2: Ball 3-2: Foul Ball, location: 2F 3-2: Foul Ball, location: 2F 3-2: Foul Ball, location: 2F 3-2: Fly out, F2 (Popup, 2RF)
|
Bottom of the 3rd over - 3 run(s), 1 hit(s), 2 error(s), 2 left on base; Thunder Bay 1 - Brooklyn 6 |
TOP OF THE 4TH |
Thunder Bay Northern Lions BC batting - Pitching for Brooklyn Dodgers : RHP Hirokichi Kichida
|
Batting: SHB Carlos Rodríguez
|
0-0: Ball 1-0: Ball 2-0: Ball 3-0: Called Strike 3-1: Called Strike 3-2: Foul Ball, location: 2F 3-2: Ground out 6-3 (Groundball, 6)
|
Batting: RHB Robert O'Connor
|
0-0: Called Strike 0-1: Ball 1-1: Foul Ball, location: 2F 1-2: Strikes out swinging
|
Batting: LHB John Brewer
|
0-0: Called Strike 0-1: Swinging Strike 0-2: Strikes out swinging
|
Top of the 4th over - 0 run(s), 0 hit(s), 0 error(s), 0 left on base; Thunder Bay 1 - Brooklyn 6 |
BOTTOM OF THE 4TH |
Brooklyn Dodgers batting - Pitching for Thunder Bay Northern Lions BC : RHP Tyler MacHugh
|
Batting: RHB Vincent Crane
|
0-0: Called Strike 0-1: Ball 1-1: Swinging Strike 1-2: Ball 2-2: Fly out, F9 (Line Drive, 9M)
|
Batting: RHB Oliver Aranda
|
0-0: Called Strike 0-1: Ground out 5-3 (Groundball, 56S)
|
Batting: LHB Ron Bascombe
|
0-0: SINGLE (Groundball, 3D)
|
Batting: RHB Thom Wilcox
|
0-0: Ball 1-0: Ball 2-0: Ball 3-0: Called Strike 3-1: Swinging Strike 3-2: Base on Balls Ron Bascombe to second
|
Batting: RHB Miguel Vidro
|
0-0: Fly out, F9 (Flyball, 89S)
|
Bottom of the 4th over - 0 run(s), 1 hit(s), 0 error(s), 2 left on base; Thunder Bay 1 - Brooklyn 6 |
TOP OF THE 5TH |
Thunder Bay Northern Lions BC batting - Pitching for Brooklyn Dodgers : RHP Hirokichi Kichida
|
Batting: RHB Jonathan Cook
|
0-0: Ball 1-0: Ball 2-0: Ball 3-0: Base on Balls
|
Batting: LHB Curtis Peters
|
0-0: Ball 1-0: Ball 2-0: Ball 3-0: Base on Balls Jonathan Cook to second
|
Batting: RHB Ed Whitaker
|
0-0: Ball 1-0: Ball 2-0: Hit by Pitch Jonathan Cook to third Curtis Peters to second
|
Batting: SHB Arturo Robles
|
0-0: Called Strike 0-1: Ball 1-1: Called Strike 1-2: SINGLE (Groundball, 4MD) Jonathan Cook scores Curtis Peters to third Ed Whitaker to second
|
Batting: RHB Keith Fish
|
0-0: Ball 1-0: Ball 2-0: Ball 3-0: Called Strike 3-1: Called Strike 3-2: Fielders Choice at 2nd, 4-6 (Groundball, 34) Curtis Peters scores Ed Whitaker to third
|
Batting: LHB Pancho García
|
0-0: Ball Wild Pitch! Ed Whitaker scores Keith Fish to second 1-0: Foul Ball, location: 2F 1-1: Ball 2-1: SINGLE (Groundball, 4M) Keith Fish to third Runner from 3rd tries for Home, SAFE, no throw or cutoff
|
Batting: SHB Carlos Rodríguez
|
0-0: Ball 1-0: Ball 2-0: Ball 3-0: Base on Balls Pancho García to second
|
Batting: RHB Robert O'Connor
|
0-0: Reached on error, E6 (Groundball, 6) Pancho García to third Carlos Rodríguez to second
|
Batting: LHB John Brewer
|
0-0: Fly out, F3 (Popup, 23F)
|
Batting: RHB Jonathan Cook
|
0-0: Ball 1-0: Ball 2-0: Foul Ball, location: 2F 2-1: Ball 3-1: Base on Balls Pancho García scores Carlos Rodríguez to third Robert O'Connor to second
|
Pitching: RHP Henry Hart
|
|
Batting: LHB Curtis Peters
|
0-0: Ball 1-0: Swinging Strike 1-1: SINGLE (Groundball, 34D) Carlos Rodríguez scores Robert O'Connor to third Jonathan Cook to second Runner from 3rd tries for Home, SAFE, no throw or cutoff
|
Batting: RHB Ed Whitaker
|
0-0: Ball 1-0: Foul Ball, location: 2F 1-1: Ground out 5-3 (Groundball, 56)
|
Top of the 5th over - 7 run(s), 3 hit(s), 1 error(s), 2 left on base; Thunder Bay 8 - Brooklyn 6 |
BOTTOM OF THE 5TH |
Brooklyn Dodgers batting - Pitching for Thunder Bay Northern Lions BC : RHP Tyler MacHugh
|
Batting: RHB Gustavo Mateo
|
0-0: Foul Ball, location: 2F 0-1: Ball 1-1: Foul Ball, location: 2F 1-2: Fly out, F8 (Line Drive, 8LD)
|
Batting: RHB Pedro Torrez
|
0-0: Foul Ball, location: 2F 0-1: Ball 1-1: Swinging Strike 1-2: Foul Ball, location: 2F 1-2: Strikes out looking
|
Batting: RHB José Herrera
|
0-0: Ball 1-0: SOLO HOME RUN (Flyball, 7D), Distance : 379 ft
|
Batting: RHB Juan Martínez
|
0-0: Called Strike 0-1: Swinging Strike 0-2: Strikes out swinging
|
Bottom of the 5th over - 1 run(s), 1 hit(s), 0 error(s), 0 left on base; Thunder Bay 8 - Brooklyn 7 |
TOP OF THE 6TH |
Thunder Bay Northern Lions BC batting - Pitching for Brooklyn Dodgers : RHP Henry Hart
|
Batting: SHB Arturo Robles
|
0-0: Foul Ball, location: 2F 0-1: Foul Ball, location: 2F 0-2: Strikes out swinging
|
Batting: RHB Keith Fish
|
0-0: Called Strike 0-1: Called Strike 0-2: Ball 1-2: Ball 2-2: Ball 3-2: SINGLE (Groundball, 6D)
|
Batting: LHB Pancho García
|
0-0: Ball 1-0: Called Strike Keith Fish is caught stealing 2nd base 1-1: Ball 2-1: Fly out, F6 (Line Drive, 6)
|
Top of the 6th over - 0 run(s), 1 hit(s), 0 error(s), 0 left on base; Thunder Bay 8 - Brooklyn 7 |
BOTTOM OF THE 6TH |
Brooklyn Dodgers batting - Pitching for Thunder Bay Northern Lions BC : RHP Tyler MacHugh
|
Batting: RHB Vincent Crane
|
0-0: Ball 1-0: SINGLE (Groundball, 34D) (infield hit)
|
Pitching: RHP Christian Pitts
|
|
Batting: RHB Oliver Aranda
|
0-0: Ball 1-0: Called Strike 1-1: SINGLE (Groundball, 6MD) Vincent Crane to second
|
Batting: LHB Ron Bascombe
|
0-0: Hit by Pitch Vincent Crane to third Oliver Aranda to second
|
Batting: RHB Thom Wilcox
|
0-0: Foul Ball, location: 2F 0-1: Foul Ball, location: 2F 0-2: Ball 1-2: Ball 2-2: Foul Ball, location: 2F 2-2: Ball 3-2: Grounds into fielders choice 5-2 (Groundball, 56) Oliver Aranda to third Ron Bascombe to second
|
Batting: RHB Miguel Vidro
|
0-0: Ball 1-0: Foul Ball, location: 2F 1-1: Called Strike 1-2: Ball 2-2: Ball 3-2: Grounds into double play, 6-4-3 (Groundball, 6D)
|
Bottom of the 6th over - 0 run(s), 2 hit(s), 0 error(s), 2 left on base; Thunder Bay 8 - Brooklyn 7 |
TOP OF THE 7TH |
Thunder Bay Northern Lions BC batting - Pitching for Brooklyn Dodgers : RHP Henry Hart
|
Batting: SHB Carlos Rodríguez
|
0-0: Ground out 6-3 (Groundball, 6)
|
Batting: RHB Robert O'Connor
|
0-0: Ball 1-0: Ball 2-0: Called Strike 2-1: Foul Ball, location: 2F 2-2: Ball 3-2: Foul Ball, location: 2F 3-2: Fly out, F7 (Flyball, 78M)
|
Batting: LHB John Brewer
|
0-0: Ball 1-0: Ground out U3 (Groundball, 3)
|
Top of the 7th over - 0 run(s), 0 hit(s), 0 error(s), 0 left on base; Thunder Bay 8 - Brooklyn 7 |
BOTTOM OF THE 7TH |
Brooklyn Dodgers batting - Pitching for Thunder Bay Northern Lions BC : RHP Christian Pitts
|
Now at 3B: Raúl Valadez
|
|
Batting: RHB Gustavo Mateo
|
0-0: Ball 1-0: Called Strike 1-1: Hit by Pitch
|
Batting: RHB Pedro Torrez
|
0-0: Called Strike 0-1: Ball Gustavo Mateo is caught stealing 2nd base 1-1: Foul Ball, location: 2F 1-2: Ball 2-2: Foul Ball, location: 2F 2-2: Foul Ball, location: 2F 2-2: Foul Ball, location: 2F 2-2: DOUBLE (Flyball, 78XD)
|
Batting: RHB José Herrera
|
0-0: Called Strike 0-1: Fly out, F4 (Popup, 34D)
|
Pinch Hitting: SHB Raymond Bright
|
0-0: Called Strike 0-1: Foul Ball, location: 2F 0-2: SINGLE (Flyball, 9LS) Pedro Torrez to third Runner from 3rd tries for Home, SAFE, throw made home
|
Batting: RHB Vincent Crane
|
0-0: Swinging Strike 0-1: Fly out, F9 (Flyball, 9M)
|
Bottom of the 7th over - 1 run(s), 2 hit(s), 0 error(s), 1 left on base; Thunder Bay 8 - Brooklyn 8 |
TOP OF THE 8TH |
Thunder Bay Northern Lions BC batting - Pitching for Brooklyn Dodgers : RHP Henry Hart
|
Now in RF: Raymond Bright
|
|
Batting: RHB Jonathan Cook
|
0-0: SINGLE (Groundball, 6S)
|
Batting: LHB Curtis Peters
|
0-0: Sac Bunt - play at first, batter OUT! 4-3 Jonathan Cook to second
|
Batting: RHB Ed Whitaker
|
0-0: Foul Ball, location: 2F 0-1: Foul Ball, location: 2F 0-2: Foul Ball, location: 2F 0-2: Ball 1-2: Ground out 6-3 (Groundball, 6M) Jonathan Cook to third
|
Batting: SHB Arturo Robles
|
0-0: Called Strike 0-1: Ball 1-1: Foul Ball, location: 2F 1-2: Strikes out swinging
|
Top of the 8th over - 0 run(s), 1 hit(s), 0 error(s), 1 left on base; Thunder Bay 8 - Brooklyn 8 |
BOTTOM OF THE 8TH |
Brooklyn Dodgers batting - Pitching for Thunder Bay Northern Lions BC : RHP Christian Pitts
|
Batting: RHB Oliver Aranda
|
0-0: Ball 1-0: Ball 2-0: Fly out, F7 (Flyball, 7M)
|
Batting: LHB Ron Bascombe
|
0-0: Called Strike 0-1: Foul Ball, location: 2F 0-2: Ball 1-2: Fly out, F7 (Flyball, 7D)
|
Batting: RHB Thom Wilcox
|
0-0: Ball 1-0: Ball 2-0: Ball 3-0: Called Strike 3-1: Called Strike 3-2: Strikes out looking
|
Bottom of the 8th over - 0 run(s), 0 hit(s), 0 error(s), 0 left on base; Thunder Bay 8 - Brooklyn 8 |
TOP OF THE 9TH |
Thunder Bay Northern Lions BC batting - Pitching for Brooklyn Dodgers : RHP Henry Hart
|
Pitching: RHP John Bailey
|
|
Batting: RHB Keith Fish
|
0-0: Ball 1-0: Ball 2-0: Ground out 6-3 (Groundball, 6)
|
Batting: LHB Pancho García
|
0-0: Ball 1-0: Fly out, F9 (Flyball, 9D)
|
Pinch Hitting: RHB Adrian Smith
|
0-0: Ball 1-0: Called Strike 1-1: Called Strike 1-2: Strikes out swinging
|
Top of the 9th over - 0 run(s), 0 hit(s), 0 error(s), 0 left on base; Thunder Bay 8 - Brooklyn 8 |
BOTTOM OF THE 9TH |
Brooklyn Dodgers batting - Pitching for Thunder Bay Northern Lions BC : RHP Christian Pitts
|
Now at 3B: Mike Blue
|
|
Batting: RHB Miguel Vidro
|
0-0: Swinging Strike 0-1: Ball 1-1: Ball 2-1: Called Strike 2-2: Fly out, F7 (Flyball, 7M)
|
Batting: RHB Gustavo Mateo
|
0-0: Swinging Strike 0-1: Ball 1-1: Swinging Strike 1-2: Strikes out swinging
|
Batting: RHB Pedro Torrez
|
0-0: Called Strike 0-1: Ground out 5-3 (Groundball, 56)
|
Bottom of the 9th over - 0 run(s), 0 hit(s), 0 error(s), 0 left on base; Thunder Bay 8 - Brooklyn 8 |
TOP OF THE 10TH |
Thunder Bay Northern Lions BC batting - Pitching for Brooklyn Dodgers : RHP John Bailey
|
Batting: RHB Robert O'Connor
|
0-0: Called Strike 0-1: Foul Ball, location: 2F 0-2: Ball 1-2: Strikes out looking
|
Batting: LHB John Brewer
|
0-0: Called Strike 0-1: Ball 1-1: Ball 2-1: Fly out, F9 (Flyball, 9M)
|
Batting: RHB Jonathan Cook
|
0-0: Ball 1-0: Ball 2-0: Called Strike 2-1: Foul Ball, location: 2F 2-2: Foul Ball, location: 2F 2-2: Foul Ball, location: 2F 2-2: Foul Ball, location: 2F 2-2: Foul Ball, location: 2F 2-2: Foul Ball, location: 2F 2-2: Ball 3-2: Base on Balls
|
Batting: LHB Curtis Peters
|
0-0: Ball 1-0: Ball 2-0: Ball 3-0: Called Strike 3-1: Foul Ball, location: 2F 3-2: Ground out 3-1 (Groundball, 34S)
|
Top of the 10th over - 0 run(s), 0 hit(s), 0 error(s), 1 left on base; Thunder Bay 8 - Brooklyn 8 |
BOTTOM OF THE 10TH |
Brooklyn Dodgers batting - Pitching for Thunder Bay Northern Lions BC : RHP Christian Pitts
|
Batting: RHB José Herrera
|
0-0: Ball 1-0: Swinging Strike 1-1: Ball 2-1: Swinging Strike 2-2: Foul Ball, location: 2F 2-2: Ground out 6-3 (Groundball, 6M)
|
Batting: SHB Raymond Bright
|
0-0: Swinging Strike 0-1: Ball 1-1: Ground out 4-3 (Groundball, 34)
|
Batting: RHB Vincent Crane
|
0-0: Fly out, F3 (Popup, 3F)
|
Bottom of the 10th over - 0 run(s), 0 hit(s), 0 error(s), 0 left on base; Thunder Bay 8 - Brooklyn 8 |
TOP OF THE 11TH |
Thunder Bay Northern Lions BC batting - Pitching for Brooklyn Dodgers : RHP John Bailey
|
Pitching: RHP Adrián Muñíz
|
|
Batting: RHB Ed Whitaker
|
0-0: Ball 1-0: Called Strike 1-1: Ground out 5-3 (Groundball, 56)
|
Batting: SHB Arturo Robles
|
0-0: Ball 1-0: Ball 2-0: Ground out 4-3 (Groundball, 4)
|
Batting: RHB Keith Fish
|
0-0: Ball 1-0: Ball 2-0: SINGLE (Line Drive, 8LS)
|
Batting: LHB Pancho García
|
0-0: Ball Wild Pitch! Keith Fish to second 1-0: Ground out 3-1 (Groundball, 34)
|
Top of the 11th over - 0 run(s), 1 hit(s), 0 error(s), 1 left on base; Thunder Bay 8 - Brooklyn 8 |
BOTTOM OF THE 11TH |
Brooklyn Dodgers batting - Pitching for Thunder Bay Northern Lions BC : RHP Christian Pitts
|
Batting: RHB Oliver Aranda
|
0-0: Ball 1-0: Ball 2-0: Foul Ball, location: 2F 2-1: Foul Ball, location: 2F 2-2: Ball 3-2: Fly out, F8 (Flyball, 89M)
|
Batting: LHB Ron Bascombe
|
0-0: Fly out, F6 (Popup, 56D)
|
Batting: RHB Thom Wilcox
|
0-0: Ball 1-0: Swinging Strike 1-1: Fly out, F7 (Flyball, 7D)
|
Bottom of the 11th over - 0 run(s), 0 hit(s), 0 error(s), 0 left on base; Thunder Bay 8 - Brooklyn 8 |
TOP OF THE 12TH |
Thunder Bay Northern Lions BC batting - Pitching for Brooklyn Dodgers : RHP Adrián Muñíz
|
Batting: LHB Mike Blue
|
0-0: Called Strike 0-1: Called Strike 0-2: Foul Ball, location: 2F 0-2: Fly out, F7 (Flyball, 7M)
|
Batting: RHB Robert O'Connor
|
0-0: Ball 1-0: Ball 2-0: Ground out 6-3 (Groundball, 6MS)
|
Batting: LHB John Brewer
|
0-0: Ball 1-0: Ball 2-0: Foul Ball, location: 2F 2-1: Swinging Strike 2-2: Foul Ball, location: 2F 2-2: Foul Ball, location: 2F 2-2: Ball 3-2: SINGLE (Flyball, 8RS)
|
Batting: RHB Jonathan Cook
|
0-0: Ball 1-0: 2-RUN HOME RUN (Flyball, 7LD), Distance : 353 ft
|
Batting: LHB Curtis Peters
|
0-0: Ball 1-0: Ball 2-0: Called Strike 2-1: Ball 3-1: SINGLE (Groundball, 4MD)
|
Batting: RHB Ed Whitaker
|
0-0: Called Strike 0-1: Swinging Strike 0-2: Ball 1-2: Ball Curtis Peters steals 2nd base 2-2: Ground out 6-3 (Groundball, 6)
|
Top of the 12th over - 2 run(s), 3 hit(s), 0 error(s), 1 left on base; Thunder Bay 10 - Brooklyn 8 |
BOTTOM OF THE 12TH |
Brooklyn Dodgers batting - Pitching for Thunder Bay Northern Lions BC : RHP Christian Pitts
|
Pitching: RHP José Ramos
|
|
Batting: RHB Miguel Vidro
|
0-0: Called Strike 0-1: Swinging Strike 0-2: Ball 1-2: Ball 2-2: Foul Ball, location: 2F 2-2: Fly out, F6 (Popup, 6S)
|
Batting: RHB Gustavo Mateo
|
0-0: Ball 1-0: Ground out 5-3 (Groundball, 56)
|
Batting: RHB Pedro Torrez
|
0-0: Ball 1-0: Foul Ball, location: 2F 1-1: Ball 2-1: Fly out, F9 (Flyball, 89M)
|
Bottom of the 12th over - 0 run(s), 0 hit(s), 0 error(s), 0 left on base; Thunder Bay 10 - Brooklyn 8 |
|